AoeStats
← SARG

Arabia

509485685Analyzed
3v3 RM · 5d ago on Sep 26, 2026· 39m 25s· 6 players
Game mode
Random Map
Map size
Normal (6 player)
Population
200
Speed
Normal
Resources
Standard
Victory
Conquest
Starting age
Dark Age
Ending age
Imperial Age
RankedLock teamsTeams togetherTeam positionsShared explorationLock speedFull tech treeHidden civsTurbo modeCheats
Victory
Defeat
🇦🇷 Lithuanians · Argentina
1132
+16
🇹🇼 Bohemians · Taiwan
1074
+18
🇦🇷 Aztecs · Argentina
1017
+20
🇨🇴 Vietnamese · Colombia
1124
-18
🇨🇴 Franks · Colombia
1123
-18
🇨🇴 Saracens · Colombia
1120
-18
LoKogan
7:35 Loom
9:41 Feudal Age
10:38 Double-Bit Axe
11:36 Horse Collar
13:38 Padded Archer Armor
13:28 Fletching
14:43 Fletching
17:03 Wheelbarrow
23:09 Castle Age
23:35 Bloodlines
24:28 Leather Archer Armor
24:09 Bodkin Arrow
23:37 Elite Skirmisher
25:29 Bow Saw
32:28 Scale Barding Armor
33:26 Forging
33:36 Town Watch
34:49 Chain Barding Armor
35:43 Town Watch
36:16 Hand Cart
36:45 Iron Casting
40:52 Imperial Age
39:05 Husbandry
Guver
6:58 Loom
9:31 Feudal Age
14:00 Wheelbarrow
14:08 Arson
14:28 Scale Mail Armor
18:06 Town Watch
19:09 Forging
25:44 Double-Bit Axe
29:21 Castle Age
28:23 Horse Collar
29:25 Eagle Warrior
30:06 Squires
29:27 Pikeman
33:44 Chain Mail Armor
34:04 Iron Casting
34:25 Bow Saw
36:04 Hand Cart
36:43 Town Patrol
37:25 Iron Casting
55CAI
7:19 Loom
10:04 Feudal Age
17:15 Wheelbarrow
18:22 Double-Bit Axe
19:26 Fletching
23:37 Castle Age
21:30 Horse Collar
23:12 Padded Archer Armor
23:41 Crossbowman
24:19 Bodkin Arrow
25:56 Leather Archer Armor
28:00 Hand Cart
29:46 Bow Saw
30:38 Chemistry
31:46 Ballistics
32:14 Heavy Plow
35:20 Imperial Age
34:04 Scale Mail Armor
35:07 Pikeman
35:49 Squires
35:25 Houfnice
39:20 Ring Archer Armor
TEFI*
11:15 Feudal Age
9:39 Loom
17:58 Castle Age
23:22 Forging
25:58 Fletching
26:08 Padded Archer Armor
32:09 Gold Mining
34:04 Scale Barding Armor
35:26 Scale Mail Armor
39:19 Wheelbarrow
SG7
7:26 Loom
9:34 Feudal Age
16:47 Double-Bit Axe
17:35 Fletching
18:16 Padded Archer Armor
20:52 Horse Collar
24:41 Castle Age
23:28 Gold Mining
23:53 Scale Barding Armor
24:11 Forging
24:37 Bloodlines
26:31 Chain Barding Armor
SARG
7:01 Loom
9:17 Feudal Age
16:41 Fletching
19:51 Horse Collar
25:28 Castle Age
23:38 Double-Bit Axe
26:37 Elite Skirmisher
29:28 Wheelbarrow
29:48 Bow Saw
31:50 Heavy Plow
31:43 Stone Mining
31:46 Gold Mining
34:00 Gold Shaft Mining
34:12 Hand Cart
35:03 Scale Barding Armor
35:10 Forging
34:56 Bodkin Arrow
36:27 Chain Barding Armor
40:33 Imperial Age
Connection lost

Rejoining the realm…

Still unreachable

The connection could not be restored.

Session expired

The server has moved on; the page needs a fresh start.